 Dungeon Crawl Stone Soup version 0.30.0-15-g856e2d3f33 (webtiles) character file.

Game seed: 11140348961952442425

6230 qw the Cleaver (level 10, -2/63 HPs)
             Began as a Gargoyle Fighter on May 19, 2023.
             Was a Believer of Okawaru.
             Slain by Harold
             ... wielding a +0 battleaxe
              (11 damage)
             ... on level 9 of the Dungeon.
             The game lasted 00:03:44 (7032 turns).

qw the Cleaver (Gargoyle Fighter)                   Turns: 7032, Time: 00:03:45

Health: -2/63      AC: 23    Str: 24    XL:     10   Next: 92%
Magic:  13/13      EV:  8    Int:  9    God:    Okawaru [**....]
Gold:   578        SH: 12    Dex:  9    Spells: 9/9 levels left

rFire   + . .        Y - +1 war axe
rCold   + . .        p - +0 kite shield
rNeg    + + .        s - +0 plate armour
rPois   inf          (no helmet)
rElec   +            c - scarf {rC+ rF+}
rCorr   .            i - +0 pair of gloves
SInv    .            (no boots)
Will    .....        j - amulet of regeneration Stlth
                     k - ring of positive energy
HPRegen 1.10/turn    (no ring)
MPRegen 0.13/turn

%: no passive effects
@: heroic, marked
A: sickness immunity, AC +7, negative energy resistance 1, electricity
resistance, torment resistance 1, petrification resistance
a: Renounce Religion, Heroism


You were on level 9 of the Dungeon.
You worshipped Okawaru.
Okawaru was pleased with you.
You visited 1 branch of the dungeon, and saw 9 of its levels.

You collected 578 gold pieces.


Innate Abilities, Weirdness & Mutations

You are immune to sickness and miasma.
Your stone body is resilient. (AC +7)
You are immune to poison.
You resist negative energy. (rN+)
You are resistant to electric shocks. (rElec)
You are resistant to unholy torment.
You are immune to petrification.


   Skills:
 + Level 7.5(12.5) Fighting
 - Level 10.0(15.0) Axes
 - Level 2.0(7.0) Throwing
 - Level 6.2(11.2) Armour
 - Level 1.5(6.5) Dodging
 - Level 9.2(14.2) Shields
 - Level 4.0 Invocations


You had 9 spell levels left.
You didn't know any spells.
Your spell library was empty.

Inventory:

Hand Weapons
 h - a +0 flail
 Y - a +1 war axe (weapon)
Armour
 c - a scarf of resistance (worn)
 e - a +1 chain mail of fire resistance
 i - a +0 pair of gloves (worn)
 n - +0 acid dragon scales
 p - a +0 kite shield (worn)
 s - a +0 plate armour (worn)
Jewellery
 j - an amulet of regeneration (around neck)
 k - a ring of positive energy (left hand)
 l - a ring of ice
 m - a +6 ring of intelligence
Scrolls
 a - a scroll of identify
Potions
 b - 4 potions of curing
 d - a potion of might
 f - a potion of attraction
 g - a potion of mutation
 o - a potion of haste
 q - a potion of resistance

Dungeon Overview and Level Annotations

Branches:
Dungeon (9/15)             Temple (0/1) D:7
   Lair: D:8-11         Orc: D:9-12

Altars:
Ashenzari
Dithmenos
Gozag
Kikubaaqudgha
Makhleb
Okawaru
Sif Muna
Vehumet
Wu Jian
Xom
The Shining One

Annotations:
D:4 1 runed translucent door, Crazy Yiuf
D:5 2 transporters, qw's ghost, novice GrFi
D:9 Harold


Message History

You slash Harold!
Harold is heavily wounded.
You block Harold's attack.
You barely miss Harold.
Harold is heavily wounded.
Harold closely misses you.
You hit Harold.
Harold is heavily wounded.
Harold hits you with a +0 battleaxe.
You completely miss Harold.
Harold is heavily wounded.
Harold hits you with a +0 battleaxe.
You hit Harold.
Harold is heavily wounded.
You hit Harold.
Harold is severely wounded.
Harold hits you with a +0 battleaxe!
You hit Harold.
Harold is severely wounded.
Harold gestures at you while chanting. A sentinel's mark forms upon you.
You hit Harold but do no damage.
Harold is severely wounded.
Harold hits you with a +0 battleaxe.
You barely miss Harold.
Harold is severely wounded.
You block Harold's attack.
You hit Harold but do no damage.
Harold is severely wounded.
You hit Harold.
Harold is severely wounded.
Harold looks eager to get this over with.
Harold hits you but does no damage.
You hit Harold.
Harold is severely wounded.
You block Harold's attack.
You barely miss Harold.
Harold is severely wounded.
Harold hits you with a +0 battleaxe!
You die...

~...~.~ .~~~..~
~~~~~~. ......|## #(#
#.# #.# #.##########
#.@.........
#?@..<......
#...........
#...........
#...........
####.#####).>........
..........)..........
#####################


You could see Harold.

Vanquished Creatures
  A boulder beetle (D:7)
  Pikel (D:5)
  An ugly thing (D:7)
  An orange demon (D:9)
  A kobold demonologist (D:9)
  A troll (D:9)
  3 hornets
  Prince Ribbit (D:8)
  3 vampire mosquitoes
  A chaos spawn (D:9)
  Edmund (D:4)
  An acid dragon (D:8)
  3 black bears
  2 ice beasts
  2 ogres (D:5)
  3 centaurs
  A phantom (D:7)
  3 kobold brigands
  4 scorpions
  5 wights (D:8)
  4 killer bees (D:8)
  3 howler monkeys (D:9)
  2 jellies (D:4)
  5 hounds
  Ijyb (D:4)
  3 iguanas
  2 sleepcaps
  2 orc wizards
  7 gnolls (D:7)
  6 adders
  2 river rats (D:5)
  2 white imps
  2 worms
  4 dart slugs
  11 orcs
  12 endoplasms
  6 giant cockroaches
  8 hobgoblins
  A quokka (D:1)
  6 ball pythons
  10 bats
  4 frilled lizards
  5 goblins
  13 kobolds
  10 rats
170 creatures vanquished.

Notes
Turn   | Place    | Note
-------+----------+-------------------------------------------
     0 | D:1      | qw the Gargoyle Fighter began the quest for the Orb.
     0 | D:1      | Reached XP level 1. HP: 14/14 MP: 1/1
     0 | D:1      | 0 ||| qw: Version: 0.2-a-96-g8eb1148
     0 | D:1      | 0 ||| qw: Game counter: 7
     0 | D:1      | 0 ||| qw: Always use a shield: true
     0 | D:1      | 0 ||| qw: God list: Okawaru
     0 | D:1      | 0 ||| qw: Allow faded altars: false
     0 | D:1      | 0 ||| qw: Do Orc after D:15 true
     0 | D:1      | 0 ||| qw: Do second Lair branch before Depths: true
     0 | D:1      | 0 ||| qw: Lair rune preference: random
     0 | D:1      | 0 ||| qw: Plans: Normal, Zot:1-4, God:TSO, Crypt, Tomb,
                  | Pan, Slime:5, Hells, Abyss, Win
     0 | D:1      | 0 ||| PLANNING D:1-11
    67 | D:1      | Reached skill level 2 in Axes
   219 | D:1      | 219 ||| Stepping ~*~*~tactically~*~*~ (hiding).
   331 | D:1      | 331 ||| Stepping ~*~*~tactically~*~*~ (hiding).
   339 | D:1      | Reached XP level 2. HP: 19/19 MP: 2/2
   892 | D:1      | 892 ||| READING scroll labelled CONARA YRPHIWO.
   893 | D:1      | 893 ||| READING scroll labelled RUACWA SUIRO.
   894 | D:1      | 894 ||| READING scroll labelled IXEISI IZEKLOEVEO.
   964 | D:2      | Reached skill level 3 in Axes
   964 | D:2      | Reached XP level 3. HP: 23/23 MP: 3/3
  1094 | D:2      | 1094 ||| Stepping ~*~*~tactically~*~*~ (stealth).
  1109 | D:2      | 1109 ||| Stepping ~*~*~tactically~*~*~ (hiding).
  1119 | D:2      | Reached XP level 4. HP: 25/28 MP: 4/4
  1133 | D:2      | 1133 ||| Stepping ~*~*~tactically~*~*~ (stealth).
  1351 | D:2      | 1351 ||| DROPPING +0 club.
  1362 | D:2      | Found a burning altar of Makhleb.
  1424 | D:2      | Reached skill level 4 in Axes
  1425 | D:2      | 1425 ||| Stepping ~*~*~tactically~*~*~ (stealth).
  1426 | D:2      | 1426 ||| Stepping ~*~*~tactically~*~*~ (stealth).
  1580 | D:2      | 1580 ||| UPGRADING to amulet of regeneration.
  1585 | D:2      | 1585 ||| UPGRADING to ring of positive energy.
  1586 | D:2      | 1586 ||| READING scroll labelled VISOFA SAOXI.
  1587 | D:2      | 1587 ||| READING scroll labelled XUICKI OR DEUS.
  1652 | D:3      | Reached XP level 5. HP: 32/32 MP: 5/5
  1780 | D:3      | Found a faded altar of an unknown god.
  1861 | D:3      | Found a broken altar of Ashenzari.
  2015 | D:3      | Reached skill level 1 in Throwing
  2228 | D:3      | Found an ancient bone altar of Kikubaaqudgha.
  2277 | D:3      | 2277 ||| DROPPING +0 leather armour of fire resistance.
  2278 | D:3      | 2278 ||| UPGRADING to +0 kite shield.
  2288 | D:3      | 2288 ||| DROPPING +0 buckler.
  2289 | D:3      | 2289 ||| UPGRADING to +0 chain mail.
  2299 | D:3      | 2299 ||| DROPPING +0 scale mail.
  2300 | D:3      | 2300 ||| DROPPING amulet of faith.
  2301 | D:3      | 2301 ||| READING 3 scrolls labelled TENULA YPSOZO.
  2302 | D:3      | 2302 ||| READING scroll labelled EZALAE NISOTEH.
  2303 | D:3      | 2303 ||| DRINKING 2 yellow potions.
  2304 | D:3      | 2304 ||| DRINKING 2 glowing blue potions.
  2305 | D:3      | 2305 ||| DRINKING 2 inky potions.
  2306 | D:3      | 2306 ||| DROPPING 2 scrolls of butterflies.
  2307 | D:3      | 2307 ||| DROPPING potion of brilliance.
  2308 | D:3      | 2308 ||| DROPPING potion of magic.
  2405 | D:4      | Noticed a black bear
  2420 | D:4      | Killed a black bear
  2421 | D:4      | Reached XP level 6. HP: 32/37 MP: 6/6
  2459 | D:4      | Noticed a black bear
  2466 | D:4      | Killed a black bear
  2467 | D:4      | Reached skill level 5 in Axes
  2507 | D:4      | Noticed Ijyb
  2509 | D:4      | Paralysed by Ijyb for 4 turns
  2519 | D:4      | Paralysed by Ijyb for 4 turns
  2523 | D:4      | Killed Ijyb
  2524 | D:4      | Reached XP level 7. HP: 40/43 MP: 7/7
  2559 | D:4      | 2559 ||| Stepping ~*~*~tactically~*~*~ (hiding).
  2794 | D:4      | Noticed Edmund
  2808 | D:4      | Killed Edmund
  3060 | D:4      | Reached skill level 6 in Axes
  3095 | D:4      | Found a runed translucent door.
  3096 | D:4      | Noticed Crazy Yiuf
  3280 | D:4      | 3280 ||| UPGRADING to +1 chain mail of fire resistance.
  3290 | D:4      | 3290 ||| DROPPING +0 chain mail.
  3291 | D:4      | 3291 ||| DRINKING 2 ruby potions.
  3319 | D:5      | Entered Level 5 of the Dungeon
  3320 | D:5      | 3320 ||| PLANNING SEWER
  3431 | D:5      | Noticed qw's ghost (novice GrFi)
  3433 | D:5      | Found a transporter.
  3438 | D:5      | Found a transporter.
  3589 | D:5      | 3589 ||| Stepping ~*~*~tactically~*~*~ (hiding).
  3590 | D:5      | 3590 ||| Stepping ~*~*~tactically~*~*~ (hiding).
  3629 | D:5      | Reached skill level 6 in Shields
  3692 | D:5      | Reached skill level 1 in Dodging
  3692 | D:5      | Reached XP level 8. HP: 48/48 MP: 8/8
  3731 | D:5      | Noticed Pikel
  3732 | D:5      | 3732 ||| Stepping ~*~*~tactically~*~*~ (stealth).
  3751 | D:5      | Killed Pikel
  3752 | D:5      | Reached skill level 7 in Axes
  3775 | D:5      | 3775 ||| DROPPING +0 whip.
  3876 | D:5      | 3876 ||| Stepping ~*~*~tactically~*~*~ (hiding).
  4039 | D:5      | 4039 ||| RIP SEWER
  4120 | D:5      | 4120 ||| PLANNING D:1-11
  4202 | D:5      | 4202 ||| Stepping ~*~*~tactically~*~*~ (stealth).
  4255 | D:5      | Reached XP level 9. HP: 54/54 MP: 9/9
  4399 | D:5      | 4399 ||| READING scroll labelled ESCHUF HICLO.
  4400 | D:5      | 4400 ||| READING scroll labelled KOOSIA BOPTUEDEGG.
  4410 | D:5      | 4410 ||| DRINKING 3 emerald potions.
  4433 | D:6      | 4433 ||| STAIRDANCE
  4482 | D:6      | Found an opulent altar of Gozag.
  4503 | D:6      | 4503 ||| DROPPING +1 whip of freezing.
  4693 | D:6      | Reached skill level 8 in Axes
  4849 | D:6      | 4849 ||| READING scroll labelled NAUDAA TALIOSO.
  4852 | D:6      | 4852 ||| READING 3 scrolls of identify.
  4852 | D:6      | 4852 ||| IDENTIFYING glowing cyan potion
  4853 | D:6      | 4853 ||| READING 2 scrolls of identify.
  4853 | D:6      | 4853 ||| IDENTIFYING sapphire potion
  4854 | D:6      | 4854 ||| DROPPING potion of degeneration.
  4906 | D:7      | 4906 ||| Stepping ~*~*~tactically~*~*~ (stealth).
  4977 | D:7      | Found a shimmering blue altar of Sif Muna.
  5056 | D:7      | Reached skill level 6 in Fighting
  5080 | D:7      | Noticed a boulder beetle
  5086 | D:7      | HP: 6/56 [boulder beetle (18)]
  5087 | D:7      | 5087 ||| DRINKING 2 potions of heal wounds.
  5107 | D:7      | HP: 13/56 [boulder beetle (33)]
  5108 | D:7      | 5108 ||| DRINKING potion of heal wounds.
  5115 | D:7      | HP: 12/56 [boulder beetle (30)]
  5116 | D:7      | HP: 5/56 [boulder beetle (8)]
  5130 | D:7      | HP: 6/56 [boulder beetle (10)]
  5131 | D:7      | Killed a boulder beetle
  5198 | D:7      | Noticed a red ugly thing
  5222 | D:7      | HP: 12/56 [red ugly thing (11)]
  5222 | D:7      | HP: 4/56 [red ugly thing (8)]
  5223 | D:7      | Killed a red ugly thing
  5385 | D:7      | Found a staircase to the Ecumenical Temple.
  5409 | D:7      | 5409 ||| Stepping ~*~*~tactically~*~*~ (stealth).
  5411 | D:7      | 5411 ||| Stepping ~*~*~tactically~*~*~ (hiding).
  5412 | D:7      | 5412 ||| Stepping ~*~*~tactically~*~*~ (hiding).
  5413 | D:7      | 5413 ||| Stepping ~*~*~tactically~*~*~ (hiding).
  5415 | D:7      | 5415 ||| Stepping ~*~*~tactically~*~*~ (hiding).
  5423 | D:7      | Reached skill level 9 in Axes
  5507 | D:7      | 5507 ||| Stepping ~*~*~tactically~*~*~ (stealth).
  5508 | D:7      | 5508 ||| Stepping ~*~*~tactically~*~*~ (stealth).
  5864 | D:7      | Found a glowing golden altar of the Shining One.
  5865 | D:7      | 5865 ||| UPGRADING to scarf of resistance.
  5870 | D:7      | 5870 ||| READING scroll labelled BYKHLA ICETHUGA.
  5871 | D:7      | 5871 ||| READING 2 scrolls of identify.
  5871 | D:7      | 5871 ||| IDENTIFYING cyan potion
  5967 | D:8      | Reached XP level 10. HP: 53/63 MP: 10/10
  6013 | D:8      | Found a shadowy altar of Dithmenos.
  6056 | D:8      | Found an iron altar of Okawaru.
  6057 | D:8      | 6057 ||| PLANNING OKAWARU WORSHIP
  6057 | D:8      | 6057 ||| UPGRADING to +0 pair of gloves.
  6070 | D:8      | Became a worshipper of Warmaster Okawaru
  6070 | D:8      | 6070 ||| PLANNING D:1-11
  6196 | D:8      | Reached skill level 9 in Shields
  6274 | D:8      | 6274 ||| Stepping ~*~*~tactically~*~*~ (hiding).
  6282 | D:8      | Noticed Prince Ribbit
  6283 | D:8      | 6283 ||| Stepping ~*~*~tactically~*~*~ (stealth).
  6286 | D:8      | 6286 ||| Stepping ~*~*~tactically~*~*~ (stealth).
  6300 | D:8      | Killed Prince Ribbit
  6300 | D:8      | Reached * piety under Okawaru
  6429 | D:8      | Found a shimmering altar of Xom.
  6475 | D:8      | Found a shimmering altar of Xom.
  6476 | D:8      | Found a shimmering altar of Xom.
  6476 | D:8      | Found a shimmering altar of Xom.
  6480 | D:8      | 6480 ||| INVOKING Heroism.
  6481 | D:8      | 6481 ||| INVOKING Heroism.
  6483 | D:8      | Reached skill level 1 in Invocations
  6501 | D:8      | Found a shimmering altar of Xom.
  6647 | D:8      | Found a radiant altar of Vehumet.
  6722 | D:8      | 6722 ||| UPGRADING to +0 plate armour.
  6732 | D:8      | 6732 ||| READING scroll labelled INTIONK OH ZUK.
  6733 | D:8      | 6733 ||| DRINKING 2 glowing coppery potions.
  6778 | D:9      | 6778 ||| INVOKING Heroism.
  6826 | D:9      | Noticed a rust devil
  6826 | D:9      | Noticed an orange demon
  6827 | D:9      | 6827 ||| Stepping ~*~*~tactically~*~*~ (hiding).
  6840 | D:9      | 6840 ||| INVOKING Heroism.
  6850 | D:9      | Killed an orange demon
  6851 | D:9      | Reached skill level 3 in Invocations
  6861 | D:9      | 6861 ||| INVOKING Heroism.
  6868 | D:9      | 6868 ||| READING scroll of teleportation.
  6872 | D:9      | Noticed a kobold demonologist
  6879 | D:9      | HP: 14/63 [kobold brigand/+0 dagger (3)]
  6885 | D:9      | 6885 ||| INVOKING Heroism.
  6885 | D:9      | HP: 10/63 [kobold brigand/+0 dagger (7)]
  6892 | D:9      | HP: 12/63 [kobold demonologist/+2 dagger of protection (4)]
  6897 | D:9      | HP: 15/63 [kobold demonologist/+2 dagger of protection (2)]
  6903 | D:9      | HP: 15/63 [kobold demonologist/+2 dagger of protection (1)]
  6908 | D:9      | HP: 12/63 [iron imp[a kobold demonologist] (5)]
  6911 | D:9      | Killed a kobold demonologist
  6912 | D:9      | Reached skill level 6 in Armour
  6914 | D:9      | 6914 ||| INVOKING Heroism.
  6914 | D:9      | HP: 12/63 [kobold/+0 club (3)]
  6974 | D:9      | Found an ornate altar of the Wu Jian Council.
  6995 | D:9      | Reached ** piety under Okawaru
  6996 | D:9      | Reached skill level 10 in Axes
  7006 | D:9      | Noticed Harold
  7007 | D:9      | 7007 ||| INVOKING Heroism.
  7022 | D:9      | HP: 13/63 [Harold/+0 battleaxe (6)]
  7025 | D:9      | HP: 6/63 [Harold/+0 battleaxe (7)]
  7032 | D:9      | Slain by Harold

Levels and vault maps discovered:
D:1:      minmay_arrival_three_doors, layout_loops_ring
D:2:      layout_basic, basic_altar, hangedman_decor_opposing, minmay_between
D:3:      layout_basic, lemuel_round_altar, amcnicky_altar_gilded,
          hellmonk_ecumenical_altar_pennies_from_heaven, minmay_quantized
D:4:      layout_basic, uniq_edmund, uniq_ijyb, uniq_crazy_yiuf_cottage
D:5:      layout_layer_cave, gammafunk_ghost_smash, portal_sewer_entry_e,
          serial_bayou_ford_a, uniq_pikel
D:6:      layout_rooms, overflow_temple_1_default
D:7:      layout_gridville, tso_oasis_becter,
          mainiacjoe_overflow_six_doors_small, minmay_temple_entry_grid,
          kennysheep_flooded_box, minivault_1, st_stairs_4, kb_rosetta
D:8:      layout_loops_cross, marbit_many_paths, xom_shifter_show,
          okawaru_metal_pillars_3, mainiacjoe_overflow_small_starburst,
          kennysheep_another_room, uniq_prince_ribbit1
D:9:      layout_small_grid, mainiacjoe_overflow_paths, kennysheep_mini_moat,
          mainiacjoe_overflow_cross_hatched, overflow_temple_1_default,
          due_lair_maze_entry_diamond, ebering_ghost_gozag, serial_demonic,
          serial_demonic_e, serial_demonic_e, serial_demonic_g,
          serial_demonic_c, uniq_harold, uniq_psyche

Skill      XL: |  1  2  3  4  5  6  7  8  9 10 |
---------------+-------------------------------+-----
Axes           | 2 3 4 5 6 7 9 10 | 10.0
Throwing       | 1 2 |  2.0
Shields        | 4 5 6 7 8 9 |  9.2
Fighting       | 4 5 7 |  7.5
Dodging        | 1 |  1.5
Armour         | 6 |  6.2
Invocations    | 4 |  4.0

Action                     |  1- 3 |  4- 6 |  7- 9 | 10-12 || total
---------------------------+-------+-------+-------+-------++-------
  Melee: War axe           |    92 |   102 |   277 |   234 ||   705
  Throw: Javelin           |       |    20 |    49 |     3 ||    72
 Invoke: Heroism           |       |       |       |     7 ||     7
    Use: Scroll            |     3 |     4 |     7 |     2 ||    16
         Potion            |       |     3 |     4 |     1 ||     8
 Armour: Scale mail        |    62 |    19 |       |       ||    81
         Chain mail        |       |    49 |   148 |    44 ||   241
         Plate armour      |       |       |       |    55 ||    55
  Dodge: Dodged            |    55 |    33 |    69 |    56 ||   213
  Block: Buckler           |    13 |     5 |       |       ||    18
         Kite shield       |       |    30 |   118 |   123 ||   271

Table legend:
 A = Non-vault XP
 B = Vault XP
 C = Vault XP percentage of total XP
 D = Non-vault monster count
 E = Vault monster count
 F = Vault count percentage of total count
                 A         B        C        D         E       F
            +---------+---------+-------+---------+---------+-------
      Total |    5370 |    3531 |  39.7 |     141 |      29 |  17.1
            +---------+---------+-------+---------+---------+-------
        D:1 |      23 |       0 |   0.0 |      14 |       0 |   0.0
        D:2 |      64 |      23 |  26.4 |      30 |       6 |  16.7
        D:3 |      78 |       3 |   3.7 |      12 |       2 |  14.3
        D:4 |     595 |     209 |  26.0 |      19 |       2 |   9.5
        D:5 |     766 |     641 |  45.6 |      19 |       9 |  32.1
        D:6 |     180 |       0 |   0.0 |       4 |       0 |   0.0
        D:7 |     291 |    1704 |  85.4 |      11 |       6 |  35.3
        D:8 |    1617 |     359 |  18.2 |      16 |       2 |  11.1
        D:9 |    1756 |     592 |  25.2 |      16 |       2 |  11.1
            +---------+---------+-------+---------+---------+-------
